 Dungeon Crawl Stone Soup version 0.32-a0-765-gfba4d74c8c (webtiles) character file.

Game seed: 6468909209843216783

3054 Nattfarinn the Geomancer (level 9, -3/45 HPs)
             Began as a Deep Elf Earth Elementalist on Mar 18, 2024.
             Was an Initiate of Ashenzari.
             Slain by a killer bee (6 damage)
             ... on level 8 of the Dungeon.
             The game lasted 00:09:00 (5733 turns).

Nattfarinn the Geomancer (DEEE)                     Turns: 5733, Time: 00:09:00

Health: -3/45      AC:  5    Str:  5    XL:     9   Next: 57%
Magic:  20/23      EV: 16    Int: 25    God:    Ashenzari [......]
Gold:   337        SH:  0    Dex: 15    Spells: 20/24 levels left

rFire   . . .        o - staff of earth
rCold   . . .        E - orb {*channel}
rNeg    + . .        a - +0 robe
rPois   .            (no helmet)
rElec   .            y - +2 cloak
rCorr   .            (no gloves)
SInv    .            (no boots)
Will    ++...        m - amulet of the acrobat
Stlth   ++           s - ring of positive energy
HPRegen 0.27/turn    k - ring of willpower
MPRegen 0.18/turn

%: acrobat, channel magic (20%)
@: lethally poisoned (-3 -> -28), enlightened, flying
A: no striking features
a: Renounce Religion


You were on level 8 of the Dungeon.
You worshipped Ashenzari.
Ashenzari was noncommittal.
You visited 2 branches of the dungeon, and saw 9 of its levels.

You collected 337 gold pieces.

Inventory:

Missiles
 r - 2 throwing nets
Armour
 a - a +0 robe (worn)
 y - a +2 cloak (worn)
 E - an orb of energy (worn)
Magical Staves
 o - a staff of earth (weapon)
Jewellery
 c - an amulet of faith
 k - a ring of willpower (right hand)
 m - an amulet of the acrobat (around neck)
 s - a ring of positive energy (left hand)
 u - a +6 ring of intelligence
 D - a +6 ring of strength
 G - a ring of willpower
Wands
 e - a wand of charming (22)
 F - a wand of light (12)
 H - a wand of flame (23)
Scrolls
 f - 2 scrolls of fog
 g - a scroll of enchant weapon
 i - a scroll of vulnerability {unknown}
 n - 4 scrolls of immolation {unknown}
 p - 2 scrolls of butterflies
 v - a scroll of blinking {unknown}
 w - 2 scrolls of poison {unknown}
 x - a scroll of revelation {unknown}
 B - 3 scrolls of identify
Potions
 b - a potion of magic
 d - 2 potions of enlightenment
 h - a potion of curing {unknown}
 j - 3 potions of brilliance {unknown}
 l - 2 potions of haste {unknown}
 q - a potion of cancellation {unknown}
 t - 3 potions of mutation {unknown}
 z - 2 potions of berserk rage {unknown}
 A - a potion of might {unknown}
 C - a potion of ambrosia {unknown}
 I - a potion of lignification {unknown}


   Skills:
 - Level 10.1 Dodging
 - Level 2.4 Stealth
 - Level 8.2 Spellcasting
 - Level 1.1 Conjurations
 + Level 10.3 Earth Magic


You had 20 spell levels left.
You knew the following spells:

 Your Spells              Type           Power      Damage    Failure   Level
a - Sandblast             Erth           100%       2d20      1%          1
b - Stone Arrow           Conj/Erth      100%       3d13      7%          3

Your spell library contained the following spells:

 Spells                   Type           Power      Damage    Failure   Level
 Passwall                 Erth           75%        N/A       2%          3
 Brom's Barrelling Bould  Conj/Erth      55%        2d7       16%         4
 Petrify                  Alch/Erth      52%        N/A       19%         4
 Ensorcelled Hibernation  Hex/Ice        20%        N/A       22%         2
 Fugue of the Fallen      Necr           10%        N/A       38%         3
 Anguish                  Hex/Necr       5%         N/A       73%         4
 Iskenderun's Battlesphe  Conj           15%        2d7       87%         5
 Fireball                 Conj/Fire      6%         3d5       91%         5
 Conjure Ball Lightning   Conj/Air       6%         3x3d6     100%        6
 Orb of Destruction       Conj           7%         9d6       100%        7


Dungeon Overview and Level Annotations

Branches:
Dungeon (8/15)             Temple (1/1) D:7
   Lair: D:8-11

Altars:
Ashenzari
Cheibriados
Dithmenos
Elyvilon
Gozag
Hepliaklqana
Kikubaaqudgha
Makhleb
Nemelex Xobeh
Okawaru
Qazlal
Ru
Sif Muna
Trog
Uskayaw
Vehumet
Wu Jian
Xom
Yredelemnul
The Shining One

Shops:
D:5 *   D:7 (

Annotations:
D:7 1 runed translucent door, anet's ghost, journeyman DjHW


Message History

You are poisoned.
The killer bee poisons you! The killer bee misses you.
You feel a surge of power!
The blast of sand hits the killer bee!
You kill the killer bee!
You feel very sick. The killer bee misses you.
A killer bee comes into view.
The killer bee closely misses you. The killer bee stings you. x2
You are more poisoned.
The killer bee poisons you! The killer bee completely misses you.
You feel a surge of power!
The blast of sand hits the killer bee.
The killer bee is heavily wounded.
The killer bee buzzes angrily.
You feel very sick.
You hear an angry buzzing noise.
You hear a shout!
The killer bee stings you but does no damage. x2
The killer bee closely misses you. The killer bee barely misses you. x2
The killer bee stings you but does no damage.
The killer bee closely misses you. The killer bee stings you.
As you read the scroll labelled WAKAUMIXUAL KOIPP, it crumbles to dust.
It is a scroll of enchant weapon.
You aren't carrying any weapons that can be enchanted.
You feel sick. The killer bee stings you. The killer bee closely misses you.
The killer bee stings you.
You are lethally poisoned!
The killer bee poisons you!
The killer bee stings you but does no damage.
The killer bee barely misses you. x2
Unknown command.
It was a potion of enlightenment.
You feel very buoyant.
You fly up into the air.
* * * LOW HITPOINT WARNING * * *
You feel very sick. The killer bee stings you!
* * * LOW HITPOINT WARNING * * *
You are more poisoned.
The killer bee poisons you! The killer bee closely misses you.
The killer bee stings you.
You die...

##### .
#...######### .>
#.#....##... ... #
#.####.##.##..#
#.####.##.).......#
...#...)#....#..#
#.###..#..<## ..#
#@y....##.## #
#yy.......#
#.##.######
...........#
....#.#.#### ..
...>.# .y# ### ..y.
...


You could see 3 killer bees.

Vanquished Creatures
  Pikel (D:7)
  Jeremiah (D:6)
  A wyvern (D:7)
  A water moccasin (D:6)
  An ice beast (D:7)
  An ogre (D:4)
  3 black bears
  An orc warrior (D:7)
  A phantom (D:3)
  Blork the orc (D:4)
  2 bullfrogs (D:6)
  A gnoll sergeant (D:7)
  3 scorpions
  2 killer bees (D:8)
  A howler monkey (D:7)
  2 gnoll boudas (D:6)
  3 hounds
  3 jellies
  4 orc priests
  4 sleepcaps
  An iguana (D:4)
  3 orc wizards
  22 gnolls
  5 adders
  A shadow imp (D:6)
  A white imp (D:5)
  4 dart slugs
  A ribbon worm (D:3)
  8 orcs
  3 bats
  7 endoplasms
  3 giant cockroaches
  5 goblins
  6 hobgoblins
  4 quokkas
  9 ball pythons
  A frilled lizard (D:1)
  2 kobolds (D:2)
  2 rats
125 creatures vanquished.

Notes
Turn   | Place    | Note
-------+----------+-------------------------------------------
     0 | D:1      | Nattfarinn the Deep Elf Earth Elementalist began the quest
                  | for the Orb.
     0 | D:1      | Reached XP level 1. HP: 10/10 MP: 6/6
   116 | D:1      | Found a faded altar of an unknown god.
   206 | D:1      | Reached XP level 2. HP: 15/15 MP: 6/8
   629 | D:1      | Reached XP level 3. HP: 19/19 MP: 8/10
  1725 | D:3      | Reached XP level 4. HP: 24/24 MP: 10/12
  1863 | D:3      | Found Volepuef's Antique Armour Shop.
  2035 | D:3      | Noticed a phantom
  2040 | D:3      | Killed a phantom
  2041 | D:3      | Reached skill level 5 in Dodging
  2041 | D:3      | Reached XP level 5. HP: 25/28 MP: 9/14
  2379 | D:3      | Reached skill level 5 in Spellcasting
  2681 | D:4      | Reached XP level 6. HP: 32/32 MP: 11/16
  2710 | D:4      | Noticed Blork the orc
  2717 | D:4      | Killed Blork the orc
  2952 | D:4      | Reached XP level 7. HP: 36/36 MP: 14/18
  3050 | D:4      | Found a shimmering blue altar of Sif Muna.
  3162 | D:5      | Entered Level 5 of the Dungeon
  3164 | D:5      | Found Lycweor's Assorted Antiques.
  3355 | D:5      | You fall into a shaft and drop 1 floor!
  3888 | D:6      | Reached XP level 8. HP: 33/41 MP: 18/21
  4039 | D:6      | Reached skill level 10 in Dodging
  4315 | D:6      | Noticed Jeremiah
  4325 | D:6      | Learned a level 3 spell: Stone Arrow
  4404 | D:6      | Killed Jeremiah
  4405 | D:6      | Reached skill level 5 in Earth Magic
  4706 | D:7      | Found Xosuggu's Antique Weapon Boutique.
  4787 | D:7      | Found a staircase to the Ecumenical Temple.
  4866 | D:7      | Noticed Pikel
  4870 | D:7      | Killed Pikel
  4871 | D:7      | Reached XP level 9. HP: 30/45 MP: 7/23
  5147 | Temple   | Entered the Ecumenical Temple
  5159 | Temple   | Became a worshipper of Ashenzari the Shackled
  5497 | D:7      | Found a runed translucent door.
  5630 | D:7      | Noticed anet's ghost (journeyman DjHW)
  5666 | D:8      | Reached skill level 10 in Earth Magic
  5733 | D:8      | Slain by a killer bee

Illustrated notes

Levels and vault maps discovered:
D:1:      sevenhm_arrival_forest_fort_small_4, layout_loops_ring,
          shapermc_ecumenical_altar_pompeii
D:2:      layout_loops_ring, serial_bayou_pond_a, minmay_misc_feat_alley,
          minmay_misc_feat_more_columns
D:3:      layout_loops_ring, serial_shops, nicolae_shop_trees,
          kennysheep_big_empty_room
D:4:      layout_cave_pools, marbit_many_paths, uniq_blork_the_orc
D:5:      layout_rooms, serial_shops, shop, bh_walls_and_bars
D:6:      layout_loops_ring, fountainhead, uniq_jeremiah
D:7:      layout_rooms, minmay_temple_entry_grid, ebering_ghost_reflecting_pool,
          serial_shops, shop, nrook_mini_backslash, minmay_misc_feat_iff,
          uniq_pikel
D:8:      layout_basic, serial_nicolae_subway, nicolae_sub_station_stone,
          nicolae_sub_station_metal, nicolae_sub_station_crystal, uniq_erica,
          uniq_amaemon
Temple:   nicolae_temple_bog_church

Skill      XL: |  1  2  3  4  5  6  7  8  9 |
---------------+----------------------------+-----
Dodging        | 3 4 5 6 7 9 10 | 10.1
Spellcasting   | 4 5 6 7 8 |  8.2
Earth Magic    | 8 10 | 10.3
Stealth        | |  2.4
Conjurations   | |  1.1

Action                     |  1- 3 |  4- 6 |  7- 9 || total
---------------------------+-------+-------+-------++-------
  Melee: Staff             |       |       |     1 ||     1
   Cast: Sandblast         |    44 |    46 |   120 ||   210
         Stone Arrow       |       |       |    17 ||    17
    Use: Scroll            |       |       |     9 ||     9
         Potion            |       |       |     1 ||     1
 Armour: Robe              |     3 |     9 |    50 ||    62
  Dodge: Dodged            |     4 |    13 |    71 ||    88

Table legend: (Time is in decaauts)
 A = Elapsed time spent in this place.
 B = Non-inter-level travel time spent in this place.
 C = Inter-level travel time spent in this place.
 D = Time resting spent in this place.
 E = Time spent auto-exploring this place.
 F = Levels seen in this place.
 G = Mean time per level.
                   A        B        C        D        E       F      G
               +--------+--------+--------+--------+--------+-----+--------+
         Total |   5842 |   5558 |    284 |    304 |   4474 |   9 |  649.1 |
       Dungeon |   5815 |   5554 |    261 |    304 |   4472 |   8 |  726.9 |
        Temple |     26 |      3 |     23 |      0 |      2 |   1 |   26.0 |
               +--------+--------+--------+--------+--------+-----+--------+

Top non-repeatable levels by time:
     D:6: 1079 daAuts
     D:3: 925 daAuts
     D:7: 916 daAuts
     D:1: 905 daAuts
     D:2: 729 daAuts
     D:4: 650 daAuts
     D:5: 525 daAuts
     D:8: 82 daAuts
  Temple: 26 daAuts
